Map: Jagannatha LE

Players

MysteryMan

  • Race: Zerg Zerg

GogojOey - Winner!

  • Race: Zerg Zerg

VOD

Have the link to the VOD?

Description

Time

  • Played on: Sept. 30, 2021, 9:06 a.m.
  • Length: 2:48
Show
View Real Time Build Order
Export as new Build Order

MysteryMan Zerg 

Build Orders: Pool Only 

Get SALT Encoding   

  12  0:17  Spawning Pool  
  11  0:21  Drone  
  11  0:27  Drone  
  13  0:30  Drone  
  14  0:39  Overlord  
  14  1:04  Zergling x4  
  14  1:05  Zergling x2  
  17  1:17  Zergling x2  
  18  1:26  Zergling x2  
  19  1:38  Zergling x2  
  20  1:48  Zergling x2  
  21  2:04  Spine Crawler  
  21  2:06  Spine Crawler  
  19  2:10  Zergling x2  
Show
View Real Time Build Order
Export as new Build Order

GogojOey Zerg - Winner!

Build Orders: Pool First 

Get SALT Encoding   

  12  0:00  Drone  
  13  0:12  Overlord  
  13  0:16  Drone  
  14  0:30  Drone x2  
  16  0:40  Spawning Pool  
  15  0:44  Drone  
  15  0:48  Drone  
  17  1:08  Hatchery  
  16  1:12  Drone  
  17  1:26  Extractor  
  17  1:27  Zergling x4  
  17  1:28  Zergling x2  
  19  1:33  Queen  
  22  1:40  Spine Crawler  
  22  1:41  Zergling x2  
  22  1:50  Spine Crawler  
  22  1:52  Zergling x2  
  22  2:02  Overlord  
  21  2:19  Zergling x2  
Tags
 
Add a new tag
Caveats
  • Supply blocks, unpowered buildings, or Contaminate may cause inaccurate times.
  • Supply counts are checked every 10 seconds.